 Dungeon Crawl Stone Soup version 0.22-a0-157-g169b76a (webtiles) character file.

19 mhoghedin the Conjurer (level 2, -6/20 HPs)
             Began as a Draconian Conjurer on Feb 8, 2018.
             Killed by divine providence
             ... invoked by an orc priest
              (14 damage)
             ... on level 2 of the Dungeon.
             The game lasted 00:01:37 (1004 turns).

mhoghedin the Conjurer (Draconian Conjurer)         Turns: 1004, Time: 00:01:38

Health: -6/20      AC:  4    Str: 10    XL:     2   Next: 55%
Magic:  1/5        EV: 12    Int: 15    God:
Gold:   89         SH:  0    Dex: 11    Spells: 4/5 levels left

rFire    . . .     SeeInvis .   c - +0 whip
rCold    . . .     Gourm    .   (no shield)
rNeg     . . .     Faith    .   (armour unavailable)
rPois    .         Spirit   .   (helmet restricted)
rElec    .         Reflect  .   (no cloak)
rCorr    .         Harm     .   (no gloves)
MR       .....                  (no boots)
Stlth    ++........             (no amulet)
HPRegen  0.06/turn              (no ring)
MPRegen  0.09/turn              (no ring)

@: very slightly contaminated
A: unfitting armour, cold-blooded, AC +4
a: no special abilities


You were on level 2 of the Dungeon.
You were hungry.

You visited 1 branch of the dungeon, and saw 2 of its levels.

You collected 89 gold pieces.

Inventory:

Hand Weapons
 c - a +0 whip (weapon)
   (You found it on level 1 of the Dungeon)
Scrolls
 f - a scroll of enchant armour {unknown}
 g - a scroll of amnesia {unknown}
 h - a scroll of identify {unknown}
Potions
 d - a potion of brilliance {unknown}
 e - a potion of curing {unknown}
 i - a potion of resistance {unknown}
Books
 a - a book of Conjurations
Comestibles
 b - 3 rations


   Skills:
 - Level 1.7 Dodging
 - Level 1.7 Stealth
 + Level 2.4 Spellcasting
 + Level 4.4 Conjurations


You had 4 spell levels left.
You knew the following spells:

 Your Spells              Type           Power        Failure   Level  Hunger
a - Magic Dart            Conj           ###.         3%          1    #......


Dungeon Overview and Level Annotations

Branches:
Dungeon (2/15)

Altars:


Innate Abilities, Weirdness & Mutations

Your plain brown scales are hard. (AC +4)
You cannot fit into any form of body armour.
You are cold-blooded and may be slowed by cold attacks.


Message History

You miscast Magic Dart.
You are very lightly contaminated with residual magic.
Nothing appears to happen.
You now have 4/5 mp.
Aim: a bat (resting)
The magic dart hits the bat.
You kill the bat!
You now have 3/5 mp.
You can't see any susceptible monsters within range! (Use Z to cast anyway.) Unknown command.
You start resting.
Your magical contamination has completely faded away.
You now have 89 gold pieces (gained 12).
A goblin comes into view.
The goblin shouts!
MP restored: 5 A goblin is nearby!
Aim: a goblin The magic dart hits the goblin.
You now have 4/5 mp.
Aim: a goblin (heavily wounded)
The magic dart hits the goblin.
You kill the goblin!
You now have 3/5 mp.
g - a scroll labeled JOOWETE WILYTS
h - a scroll labeled GARUOXURUN
i - a brown potion MP restored: 5 You can't see any susceptible monsters within range! (Use Z to cast anyway.) Unknown command.
Done exploring.
Done exploring.
Done exploring.
(D) Dungeon
Where to? (? - help)
There is a stone staircase leading down here.
You climb downwards.
There is a stone staircase leading up here.
Found a stone staircase leading up.
A hobgoblin comes into view. It is wielding a club.
Aim: a hobgoblin, wielding a club (resting)
The magic dart hits the hobgoblin.
The hobgoblin shouts!
You now have 4/5 mp.
Aim: a hobgoblin, wielding a club (almost dead)
The magic dart hits the hobgoblin.
You kill the hobgoblin!
You now have 3/5 mp. 2 orcs, 2 orc priests and an orc wizard come into view.
An orc priest is wielding a mace of holy wrath.
The orc shouts!
The orc priest shouts!
You hear a shout!
The orc priest shouts!
The orc priest moves out of view.
The orc moves out of view.
The orc shouts!
The orc wizard shouts!
There are monsters nearby!
An orc comes into view. It is wielding a mace.
MP restored: 5 You see here a mace.
A frilled lizard comes into view.
b - 3 rations (gained 1)
You are feeling hungry.
The frilled lizard hisses angrily.
Aim: a frilled lizard You miscast Magic Dart.
You are very lightly contaminated with residual magic.
Your skin tingles.
You now have 4/5 mp.
Aim: a frilled lizard The magic dart hits the frilled lizard.
You kill the frilled lizard!
You now have 3/5 mp.
You start resting.
Your magical contamination has completely faded away.
MP restored: 5
Aim: an orc priest, wielding a dagger The magic dart hits the orc priest.
You now have 4/5 mp.
Aim: an orc priest, wielding a dagger (moderately wounded)
You miscast Magic Dart.
You are very lightly contaminated with residual magic.
Nothing appears to happen.
The orc priest hits you but does no damage.
You now have 3/5 mp.
Aim: an orc priest, wielding a dagger (moderately wounded)
The magic dart hits the orc priest.
The orc priest misses you.
You now have 2/5 mp.
Unknown command.
Aim: an orc priest, wielding a dagger (moderately wounded)
The magic dart hits the orc priest.
The orc priest mumbles some strange prayers to Beogh against you.
Pain shoots through your body!
Ouch! That really hurt!
You take 12 damage, and have 8/20 hp.
MASSIVE DAMAGE!!
You now have 1/5 mp.
You hit the orc priest but do no damage.
You tail-slap the orc priest.
The orc priest mumbles some strange prayers to Beogh against you.
Beogh smites you!
Ouch! That really hurt!
You die...

#...#######..#
#..###$oo###.#
#..##...o.##.#
#..#..o....#.#
#..#.≈..o≈.#.#
#..#.......#.###
#).#.......#...#
#####..#.......#.#.###
#......#.≈...o.#@....#
..###..#.......#o.##.#
#####...........o.##.#
..................##.#
#####.#####.########.#
#.# #.# #.# #.#####.#
#.# ........### #.#
..........# #.#


You could see an orc priest and an orc.

Vanquished Creatures
  A leopard gecko (D:1)
  4 goblins (D:1)
  3 hobgoblins
  A ball python (D:1)
  3 bats (D:1)
  A frilled lizard (D:2)
  3 kobolds (D:1)
  A rat (D:1)
17 creatures vanquished.

Notes
Turn   | Place    | Note
-------+----------+-------------------------------------------
     0 | D:1      | mhoghedin the Draconian Conjurer began the quest for the Orb.
     0 | D:1      | Reached XP level 1. HP: 14/14 MP: 3/3
   194 | D:1      | Reached XP level 2. HP: 19/20 MP: 0/5
  1004 | D:2      | Killed from afar by an orc priest

Vault maps used:
D:1:      saegor_arrival_simple_f
D:2:      cheibrodos_pilgrimage, first_ration

Action                   || total
-------------------------++-------
Melee: Whip              ||    10
       Tailslap          ||     1
 Cast: Magic Dart        ||    32
Armor: Skin              ||     4
Dodge: Dodged            ||    13

Table legend:
 A = Spawn XP
 B = Non-spawn XP
 C = Spawn XP percentage of total XP
 D = Spawn monster count
 E = Non-spawn monster count
 F = Spawn count percentage of total count
 G = Total turns spent on level
                    A         B        C        D         E        F      G
               +---------+---------+-------+---------+---------+-------+---------
         Total |       0 |      28 |   0.0 |       0 |      17 |   0.0 |  1004
               +---------+---------+-------+---------+---------+-------+---------
           D:1 |       0 |      25 |   0.0 |       0 |      15 |   0.0 |   881
           D:2 |       0 |       3 |   0.0 |       0 |       2 |   0.0 |   123
               +---------+---------+-------+---------+---------+-------+---------

Vault maps used:
D:1:      saegor_arrival_simple_f
D:2:      cheibrodos_pilgrimage, first_ration

Table legend:
 A = Turns spent in this place as a percentage of turns spent in the entire game.
 B = Non-inter-level travel turns spent in this place as a percentage of non-inter-level travel turns spent in the entire game.
 C = Inter-level travel turns spent in this place as a percentage of turns spent in this place.
 D = Turns resting spent in this place as a percentage of non-inter-level travel turns spent in this place.
 E = Turns spent auto-exploring this place as a percentage of non-inter-level travel turns spent in this place.
 F = Non-inter-level travel turns spent in this place divided by the number of levels of this place that you've seen.
                   A       B       C       D       E      F
               +-------+-------+-------+-------+-------+----------------------
         Total | 100.0 | 100.0 |   1.7 |  37.5 |  47.9 | 493.5
       Dungeon | 100.0 | 100.0 |   1.7 |  37.5 |  47.9 | 493.5
               +-------+-------+-------+-------+-------+----------------------

Table legend:
 A = Kills in this place as a percentage of kills in entire the game.
 B = Kills by you in this place as a percentage of kills by you in the entire game.
 C = Kills by friends in this place as a percentage of kills by friends in the entire game.
 D = Other kills in this place as a percentage of other kills in the entire game.
 E = Experience gained in this place as a percentage of experience gained in the entire game.
 F = Experience gained in this place divided by the number of levels of this place that you have seen.
                   A       B       C       D       E      F
               +-------+-------+-------+-------+-------+----------------------
         Total | 100.0 | 100.0 |   N/A |   N/A | 100.0 |  14.0
       Dungeon | 100.0 | 100.0 |   N/A |   N/A | 100.0 |  14.0
               +-------+-------+-------+-------+-------+----------------------
